 Dungeon Crawl Stone Soup version 0.17-a0-755-g4391640 (webtiles) character file.

50 kusayu the Vexing (level 3, -1/24 HPs)
             Began as a Vampire Enchanter on Apr 22, 2015.
             Killed from afar by Sigmund (9 damage)
             ... with a puff of flame
             ... on level 2 of the Dungeon.
             The game lasted 00:07:52 (2195 turns).

kusayu the Vexing (Vampire Enchanter)               Turns: 2195, Time: 00:07:53

Health: -1/24      AC:  3    Str:  7    XL:     3   Next: 55%
Magic:  6/6        EV: 12    Int: 17    God:
Gold:   208        SH:  0    Dex: 15    Spells: 3 memorised, 0 levels left

rFire  . . .     SeeInvis +     a - +1 dagger
rCold  + . .     Clarity  .     b - +1 robe
rNeg   + + .     SustAb   .     (no shield)
rPois  +         Gourm    .     i - +0 hat
rElec  .         Spirit   .     (no cloak)
rCorr  .         Warding  .     (no gloves)
rMut   .         Stasis   .     (no boots)
MR     .....                    (no amulet)
Stlth  ++++......               (no ring)
                                (no ring)

@: regenerating slowly, not resistant to hostile enchantments, stealthy
A: fangs 3, see invisible, unbreathing
a: Bat Form


You were on level 2 of the Dungeon.
You were very thirsty.

You visited 1 branch of the dungeon, and saw 2 of its levels.

You collected 208 gold pieces.

Inventory:

Hand weapons
 a - a +1 dagger (weapon)
Missiles
 n - a throwing net (quivered)
Armour
 b - a +1 robe (worn)
 i - a +0 hat (worn)
Scrolls
 d - a scroll of fear {unknown}
 f - a scroll of identify {unknown}
 h - a scroll of blinking {unknown}
 k - 3 scrolls of enchant armour {unknown}
 l - a scroll of magic mapping {unknown}
 m - a scroll of remove curse {unknown}
Potions
 e - a potion of curing
 g - a potion of ambrosia {unknown}
 j - a potion of restore abilities {unknown}
 q - 3 potions of blood
Books
 c - a book of Maledictions

   Spells                             Type                      Level
   a - Corona                         Hexes                        1
   b - Ensorcelled Hibernation        Hexes/Ice                    2
   c - Confuse                        Hexes                        3
   d - Tukima's Dance                 Hexes                        3
   e - Dazzling Spray                 Conjuration/Hexes            3


   Skills:
 - Level 1.1 Short Blades
 - Level 2.1 Dodging
 + Level 5.6 Stealth
 - Level 2.0 Spellcasting
 + Level 5.9 Hexes


You couldn't memorise any spells.
You knew the following spells:

 Your Spells              Type           Power        Failure   Level  Hunger
a - Corona                Hex            ###....      1%          1    #......
b - Ensorcelled Hibernat  Hex/Ice        ##....       12%         2    ###....
c - Confuse               Hex            ###.....     8%          3    ###....


Dungeon Overview and Level Annotations

Branches:
Dungeon (2/15)

Altars:

Annotations:
D:2 Jessica, Sigmund, Terence


Innate Abilities, Weirdness & Mutations

You heal slowly.
You have razor-sharp teeth.
You have supernaturally acute eyesight.
You can survive without breathing.


Message History

Sigmund is almost dead.
The rat bites you but does no damage. Sigmund hits you with a scythe!
The gnoll shouts!
You hit Sigmund but do no damage.
Sigmund is almost dead.
The rat closely misses you.
You closely miss Sigmund.
Sigmund is almost dead.
Sigmund zaps a wand.
The magic dart hits you!
It is a wand of magic darts.
The rat misses you.
You closely miss Sigmund.
Sigmund is almost dead.
Sigmund gestures wildly while chanting.
Sigmund flickers and vanishes for a moment.
The rat closely misses you.
You hit Sigmund.
Sigmund is almost dead.
Sigmund gestures at you while chanting. The puff of flame hits you!
You die...

. .. ####.#
##..#.# ...#.# #
..####....#.#
#.....g.@....####
#.@..@..%..
##r######## #<..#
#.....#
#.....(...
#.....####
##...## #####


You could see Sigmund (invisible), a gnoll, Jessica and a rat.

Vanquished Creatures
  A gnoll (D:2)
  An adder (D:2)
  2 giant geckos (D:1)
  3 bats
  5 giant cockroaches
  4 hobgoblins
  A ball python (D:2)
  2 giant newts (D:1)
  5 goblins
  3 kobolds
  2 rats (D:1)
29 creatures vanquished.

Vanquished Creatures (others)
  A fungus (D:2)
1 creature vanquished.

Grand Total: 30 creatures vanquished

Notes
Turn   | Place    | Note
--------------------------------------------------------------
     0 | D:1      | kusayu, the Vampire Enchanter, began the quest for the Orb.
     0 | D:1      | Reached XP level 1. HP: 13/13 MP: 3/3
   273 | D:1      | Reached skill level 5 in Hexes
   298 | D:1      | Reached XP level 2. HP: 7/19 MP: 1/5
   498 | D:1      | Learned a level 2 spell: Ensorcelled Hibernation
   775 | D:1      | Reached skill level 5 in Stealth
  1524 | D:2      | Reached XP level 3. HP: 24/24 MP: 6/6
  1659 | D:2      | Learned a level 3 spell: Confuse
  1968 | D:2      | Noticed Terence
  2188 | D:2      | Noticed Sigmund
  2188 | D:2      | Noticed Jessica
  2195 | D:2      | Killed from afar by Sigmund

Action                   || total
-------------------------++-------
Melee: Dagger            ||   103
 Cast: Corona            ||    20
       Ensorcelled Hiber ||    11
       Confuse           ||     5
 Abil: End Transformatio ||     1
       Bat Form          ||     1
  Use: Potion            ||     2
 Stab: Sleeping          ||    10
       Confused          ||     1
